 Dungeon Crawl Stone Soup version 0.24-a0-479-g9a978d2894 (webtiles) character file.

Game seed: 1028076672260922374

72 DasRunzen the Covered (level 4, -2/40 HPs)
             Began as a Minotaur Fighter on July 8, 2019.
             Slain by a gnoll sergeant
             ... wielding a +1 spear of venom
              (9 damage)
             ... on level 2 of the Dungeon.
             The game lasted 00:02:25 (835 turns).

DasRunzen the Covered (Minotaur Fighter)             Turns: 835, Time: 00:02:25

Health: -2/40      AC:  7    Str: 22    XL:     4   Next: 6%
Magic:  3/3        EV:  7    Int:  5    God:
Gold:   87         SH:  9    Dex:  9    Spells: 3/3 levels left

rFire    . . .     SeeInvis .   a - +0 war axe
rCold    . . .     Gourm    .   c - +0 shield
rNeg     . . .     Faith    .   b - +0 scale mail
rPois    .         Spirit   .   (helmet restricted)
rElec    .         Reflect  .   (no cloak)
rCorr    .         Harm     .   (no gloves)
MR       .....                  (no boots)
Stlth    ..........             (no amulet)
HPRegen  0.13/turn              i - ring of wizardry
MPRegen  0.08/turn              (no ring)

@: lethally poisoned (-2 -> -25)
A: retaliatory headbutt, horns 2
a: no special abilities


You were on level 2 of the Dungeon.
You were not hungry.

You visited 1 branch of the dungeon, and saw 2 of its levels.

You collected 87 gold pieces.

Inventory:

Hand Weapons
 a - a +0 war axe (weapon)
Armour
 b - a +0 scale mail (worn)
 c - a +0 shield (worn)
Jewellery
 i - a ring of wizardry (left hand)
Scrolls
 e - 3 scrolls of teleportation
Potions
 d - a potion of might
 g - a potion of brilliance
Comestibles
 f - 4 rations


   Skills:
 + Level 4.2 Fighting
 + Level 3.3 Axes
 + Level 4.3 Armour
 + Level 4.3 Shields


You had 3 spell levels left.
You didn't know any spells.
Your spell library contained the following spells:

 Spells                   Type           Power        Failure   Level  Hunger
 Beastly Appendage        Tmut           #.....       88%         1    ##.....
 Sticks to Snakes         Tmut           #.......     95%         2    ###....
 Spider Form              Tmut/Pois      #.........   99%         3    ####...
 Ice Form                 Ice/Tmut       #.......     100%        4    #####..
 Blade Hands              Tmut           #.........   100%        5    ######.


Dungeon Overview and Level Annotations

Branches:
Dungeon (2/15)

Altars:


Innate Abilities, Weirdness & Mutations

You reflexively headbutt those who attack you in melee.
You have a pair of horns on your head.


Message History

You feel sick. You block the adder's attack.
Unknown command.
You closely miss the adder.
You feel sick. The adder bites you but does no damage.
You block the gnoll sergeant's attack. The adder barely misses you.
You hit the adder. You headbutt the adder!
The adder is almost dead.
You feel sick. You block the adder's attack.
The gnoll sergeant hits you from afar with a +1 spear of venom.
* * * LOW HITPOINT WARNING * * *
You are more poisoned.
The adder bites you but does no damage.
You slash the adder!
You kill the adder!
You have reached level 4!
You feel stronger.
* * * LOW HITPOINT WARNING * * *
You feel very sick.
The gnoll sergeant hits you from afar with a +1 spear of venom!
You die...

#...........#.### ..
#.######'##.....# .......
#.# ##...##....# .......
#.# ##.....##...# .......
#.###.#...#.##..# .......
#.##.8.8.8.8.##... .......
#.#...........#.### .......
#.'.....(.....'..###.......
###.........).#.@†ggg......
##.8.8.8.8.##?##g........
##.#...#.##..#..........
##.....##.###.#........
##...###.##...<.......
##'## #.....#........
#.####..#.###.......
#.......#.# #......
#####.....# #####.


You could see a gnoll sergeant and 3 gnolls.

Vanquished Creatures
  2 adders (D:2)
  A worm (D:2)
  A dart slug (D:1)
  3 leopard geckos
  3 giant cockroaches (D:1)
  8 goblins (D:1)
  5 hobgoblins
  7 bats
  4 frilled lizards
  5 kobolds
  8 rats
47 creatures vanquished.

Notes
Turn   | Place    | Note
-------+----------+-------------------------------------------
     0 | D:1      | DasRunzen the Minotaur Fighter began the quest for the Orb.
     0 | D:1      | Reached XP level 1. HP: 19/19 MP: 0/0
    77 | D:1      | Reached XP level 2. HP: 27/27 MP: 1/1
   231 | D:1      | Reached XP level 3. HP: 30/33 MP: 2/2
   825 | D:2      | Noticed a gnoll sergeant
   835 | D:2      | Reached XP level 4. HP: 10/40 MP: 3/3
   835 | D:2      | Slain by a gnoll sergeant

Levels and vault maps discovered:
D:1:      dpeg_arrival_subterranean_lakeside_camping, layout_basic
D:2:      minmay_spotlight, layout_rooms, first_ration, dk_noncrumbling_3

Skill      XL: |  1  2 |
---------------+-------+-----
Fighting       | 4 |  4.2
Axes           | 3 |  3.3
Armour         | 4 |  4.3
Shields        | 4 |  4.3

Action                   |  1- 3 |  4- 6 || total
-------------------------+-------+-------++-------
Melee: War axe           |   117 |       ||   117
       Headbutt          |    11 |       ||    11
  Use: Scroll            |     2 |       ||     2
Armor: Scale mail        |    54 |       ||    54
Dodge: Dodged            |    37 |       ||    37
Block: Shield            |    63 |       ||    63

Table legend:
 A = Non-vault XP
 B = Vault XP
 C = Vault XP percentage of total XP
 D = Non-vault monster count
 E = Vault monster count
 F = Vault count percentage of total count
                 A         B        C        D         E       F
            +---------+---------+-------+---------+---------+-------
      Total |      86 |      17 |  16.5 |      37 |      10 |  21.3
            +---------+---------+-------+---------+---------+-------
        D:1 |      51 |       7 |  12.1 |      30 |       6 |  16.7
        D:2 |      35 |      10 |  22.2 |       7 |       4 |  36.4
            +---------+---------+-------+---------+---------+-------
